 Dungeon Crawl Stone Soup version 0.18-a0-1057-g88203af (webtiles) character file.

221 Kristof the Digger (level 5, 0/28 HPs)
             Began as a Gargoyle Earth Elementalist on Jan 12, 2016.
             Slain by Edmund
             ... wielding a +5 flail of draining
              (6 damage)
             ... on level 4 of the Dungeon.
             The game lasted 00:14:46 (3528 turns).

Kristof the Digger (Gargoyle Earth Elementalist)    Turns: 3528, Time: 00:14:46

Health: 0/28       AC:  7    Str: 12    XL:     5   Next: 98%
Magic:  2/11       EV: 12    Int: 16    God:
Gold:   199        SH:  0    Dex: 10    Spells: 4 memorised, 1 level left

rFire  . . .     SeeInvis .     m - +1 whip (flame)
rCold  . . .     Gourm    .     a - +1 robe
rNeg   + . .     Faith    .     (no shield)
rPois  ∞         Spirit   .     (no helmet)
rElec  +         Dismiss  .     (no cloak)
rCorr  .         Reflect  .     (no gloves)
SustAt .         Harm     .     (no boots)
MR     .....                    (no amulet)
Stlth  ++........               (no ring)
                                (no ring)

@: not resistant to hostile enchantments, unstealthy
A: negative energy resistance 1, electricity resistance, unbreathing,
petrification resistance, rot immunity, AC +4
a: no special abilities


You were on level 4 of the Dungeon.
You were very hungry.

You visited 1 branch of the dungeon, and saw 4 of its levels.

You collected 199 gold pieces.

Inventory:

Hand Weapons
 h - a +0 short sword
 m - a +1 whip of flaming (weapon)
Missiles
 b - 104 stones (quivered)
Armour
 a - a +1 robe (worn)
Wands
 j - a wand of magic darts (15/48)
 u - a wand of draining (3/15)
Scrolls
 t - a scroll of magic mapping
Potions
 e - a potion of invisibility {unknown}
 f - a potion of cancellation
 g - a potion of haste {unknown}
 k - a potion of berserk rage {unknown}
 l - a potion of ambrosia {unknown}
 n - 2 potions of cure mutation {unknown}
 p - a potion of might {unknown}
 q - a potion of heal wounds {unknown}
 r - a potion of agility {unknown}
 v - a potion of curing {unknown}
Books
 c - a book of Geomancy

   Spells                             Type                      Level
   a - Sandblast                      Earth                        1
   b - Stoneskin                      Transmutation/Earth          2
   c - Passwall                       Transmutation/Earth          3
   d - Stone Arrow                    Conjuration/Earth            3
   e - Petrify                        Transmutation/Earth          4
   f - Lee's Rapid Deconstruction     Earth                        5
Comestibles
 d - 2 bread rations
 i - 2 slices of pizza
 o - 3 beef jerkies
 s - 2 meat rations


   Skills:
 - Level 1.5 Dodging
 - Level 2.1 Stealth
 * Level 4.1 Spellcasting
 + Level 2.3 Conjurations
 - Level 0.7 Transmutations
 + Level 5.2 Earth Magic


You had one spell level left.
You knew the following spells:

 Your Spells              Type           Power        Failure   Level  Hunger
a - Sandblast             Erth           ###...       1%          1    None
b - Stoneskin             Trmt/Erth      ##......     10%         2    ##.....
c - Stone Arrow           Conj/Erth      ###...       12%         3    ###....
d - Lee's Rapid Deconstr  Erth           ###.......   63%         5    ######.


Dungeon Overview and Level Annotations

Branches:
Dungeon (4/15)
 Temple: D:4-7

Altars:
Cheibriados
Elyvilon
Trog
The Shining One

Annotations:
D:3 ZiggyStardust's ghost, amateur FoFi
D:4 Edmund


Innate Abilities, Weirdness & Mutations

You are resistant to torment.
Your stone body is resilient (AC +4).
You are immune to poison.
You resist negative energy.
You are resistant to electric shocks.
You can survive without breathing.
You are immune to petrification.
You are immune to rotting.


Message History

Edmund hits you with a flail of draining.
Unknown command.
You barely miss Edmund.
Edmund is moderately wounded.
Edmund closely misses you.
You hit Edmund but do no damage.
Edmund is moderately wounded.
Edmund gestures with his flail.
Edmund hits you but does no damage.
You hit Edmund but do no damage.
Edmund is moderately wounded.
You hit Edmund.
Edmund is moderately wounded.
Edmund hits you with a flail of draining.
* * * LOW HITPOINT WARNING * * *
You are feeling very hungry.
You barely miss Edmund.
Edmund is moderately wounded.
Edmund hits you with a flail of draining.
You die...

#.......# .....
######... .....# #...
..... +...
....####+##### #...
#...........# ####
#...........#
#...........#
#.[..@@.....# ##+###
#....####....# #......
#....#..'....# #...<..
#....#..#....# #.....
#....####....#####....
###................#####
#................#....
#................#....
..............#....


You could see Edmund.

Vanquished Creatures
  A scorpion (D:3)
  A water moccasin skeleton (D:4)
  An orc priest (D:3)
  An adder (D:2)
  2 oozes
  A worm (D:3)
  3 giant geckos
  6 orcs (D:3)
  5 bats
  6 giant cockroaches
  8 goblins
  7 hobgoblins
  2 jackals (D:4)
  14 kobolds
  2 giant newts (D:2)
  11 rats
71 creatures vanquished.

Notes
Turn   | Place    | Note
--------------------------------------------------------------
     0 | D:1      | Kristof the Gargoyle Earth Elementalist began the quest for the Orb.
     0 | D:1      | Reached XP level 1. HP: 10/10 MP: 3/3
   286 | D:1      | Reached skill level 4 in Earth Magic
   286 | D:1      | Reached XP level 2. HP: 15/15 MP: 3/5
   988 | D:1      | Reached XP level 3. HP: 16/19 MP: 7/7
   995 | D:1      | Learned a level 2 spell: Stoneskin
   999 | D:1      | Learned a level 3 spell: Stone Arrow
  1467 | D:2      | Found a bloodstained altar of Trog.
  1800 | D:2      | Reached XP level 4. HP: 16/24 MP: 8/8
  2032 | D:3      | Reached skill level 1 in Conjurations
  2196 | D:3      | Reached XP level 5. HP: 8/28 MP: 5/10
  2594 | D:3      | Noticed ZiggyStardust's ghost (amateur FoFi)
  2629 | D:3      | Reached skill level 5 in Earth Magic
  2703 | D:3      | Found a glowing golden altar of the Shining One.
  2791 | D:3      | Learned a level 5 spell: Lee's Rapid Deconstruction
  3281 | D:4      | Found a snail-covered altar of Cheibriados.
  3350 | D:4      | Found a white marble altar of Elyvilon.
  3507 | D:4      | Noticed Edmund
  3528 | D:4      | Slain by Edmund

Vault maps used:
D:1:      sevenhm_arrival_forest_fort_small_3
D:2:      trog_book
D:3:      nicolae_overflow_hidden_temple, minmay_misc_feat_five, hex_medium,
          serial_bayou_pond_e, minivault_23
D:4:      gammafunk_pakellas_statue_experiment, lemuel_crystal_altar,
          cheibriados_altar_1, grunt_decor_arrowhead, uniq_edmund

Action                   |  1- 3 |  4- 6 || total
-------------------------+-------+-------++-------
Melee: Short sword       |    86 |       ||    86
       Whip              |    34 |    24 ||    58
 Cast: Sandblast         |    17 |    35 ||    52
       Stone Arrow       |       |    10 ||    10
Evoke: Wand              |       |     2 ||     2
  Use: Scroll            |     1 |    10 ||    11
 Stab: Sleeping          |     5 |       ||     5
  Eat: Chunk             |     3 |     2 ||     5
       Fruit             |       |     4 ||     4
